 Dungeon Crawl Stone Soup version 0.26-a0-597-gb535b0901c (webtiles) character file.

Game seed: 1734022192356219944

1243 vurker the Slinger (level 8, -1/54 HPs)
             Began as a Halfling Hunter on Sept 12, 2020.
             Was a Believer of Okawaru.
             Slain by an orc warrior
             ... wielding a +0 scimitar
              (17 damage)
             ... on level 6 of the Dungeon.
             The game lasted 00:10:22 (7361 turns).

vurker the Slinger (Halfling Hunter)                Turns: 7361, Time: 00:10:23

Health: -1/54      AC: 12    Str: 15    XL:     8   Next: 79%
Magic:  0/11       EV:  9    Int:  9    God:    Okawaru [**....]
Gold:   200        SH:  0    Dex: 15    Spells: 7/7 levels left

rFire    . . .     SeeInvis .   a - +1 hunting sling
rCold    . . .     Faith    .   (shield restricted)
rNeg     . . .     Spirit   +   n - +0 plate armour
rPois    .         Reflect  .   (no helmet)
rElec    .         Harm     .   (no cloak)
rCorr    .                      (no gloves)
MR       .....                  (no boots)
Stlth    ..........             q - amulet of guardian spirit
HPRegen  0.18/turn              k - ring of wizardry
MPRegen  0.12/turn              s - ring of flight

@: heroism
A: small, mutation resistance 1
a: Heroism, Renounce Religion, Evoke Flight


You were on level 6 of the Dungeon.
You worshipped Okawaru.
Okawaru was pleased with you.
You visited 1 branch of the dungeon, and saw 6 of its levels.
You also visited: Ossuary.

You collected 200 gold pieces.

Inventory:

Hand Weapons
 a - a +1 hunting sling (weapon)
 b - a +0 short sword
Missiles
 d - 69 sling bullets (quivered)
 i - 72 stones
Armour
 n - a +0 plate armour (worn)
   (You found it on level 2 of the Dungeon)
 t - a +0 pair of boots
   (You found it on level 3 of the Dungeon)
Jewellery
 k - a ring of wizardry (left hand)
   (You found it on level 1 of the Dungeon)
 q - an amulet of guardian spirit (around neck)
   (You found it on level 5 of the Dungeon)
 s - a ring of flight (right hand)
   (You found it on level 4 of the Dungeon)
 x - an uncursed ring of resist corrosion {unknown}
   (You found it on level 3 of the Dungeon)
Scrolls
 c - 5 scrolls of teleportation {unknown}
 e - 4 scrolls of identify
 f - 2 scrolls of fog
 h - 2 scrolls of remove curse
 l - 2 scrolls of magic mapping {unknown}
 r - a scroll of amnesia {unknown}
 y - a scroll of enchant weapon {unknown}
Potions
 g - 3 potions of curing
 j - 2 potions of haste {unknown}
 m - 2 potions of ambrosia {unknown}
 o - 5 potions of degeneration {unknown}
 p - a potion of invisibility {unknown}
 u - a potion of heal wounds {unknown}
 v - a potion of mutation {unknown}
 w - a potion of berserk rage


   Skills:
 + Level 4.8(9.8) Fighting
 * Level 11.5(16.5) Slings
 - Level 2.1(7.1) Dodging
 - Level 1.1(6.1) Stealth
 + Level 4.9 Invocations


You had 7 spell levels left.
You didn't know any spells.
Your spell library contained the following spells:

 Spells                   Type           Power        Failure   Level
 Leda's Liquefaction      Hex/Erth       #.........   100%        4
 Bolt of Magma            Conj/Fire/Erth #.........   100%        5
 Iron Shot                Conj/Erth      #.........   100%        6
 Statue Form              Tmut/Erth      #........    100%        6
 Shatter                  Erth           #.........   100%        9


Dungeon Overview and Level Annotations

Branches:
Dungeon (6/15)             Temple (0/1) D:4         Ossuary (visited)

Altars:
Nemelex Xobeh
Okawaru
Qazlal
Ru
Sif Muna
Uskayaw
The Shining One


Innate Abilities, Weirdness & Mutations

You are small and have problems with some larger weapons.
You are somewhat resistant to further mutation.


Message History

You shoot a stone. The stone hits the bullfrog.
You shoot a stone. The stone hits the bullfrog!
The bullfrog hits you but does no damage.
You shoot a stone. The stone hits the bullfrog.
The bullfrog barely misses you.
You shoot a stone. The stone hits the bullfrog.
The bullfrog hits you.
You shoot a stone. The stone hits the bullfrog!
You kill the bullfrog!
Okawaru accepts your kill.
You shoot a stone. The stone hits the orc.
The orc barely misses you.
You shoot a stone.
The stone hits the orc warrior but does no damage.
The orc warrior hits you with a +0 scimitar!
You shoot a stone.
The stone hits the orc warrior but does no damage.
The orc hits you but does no damage.
You shoot a stone. The stone hits the orc warrior.
You shoot a stone. The stone hits the orc warrior.
The orc hits you with a +3 mace.
The orc warrior hits you with a +0 scimitar!
* * * LOW HITPOINT WARNING * * *
The orc closely misses you.
You see here a worker ant corpse.
You gain the combat prowess of a mighty hero.
The orc warrior hits you but does no damage.
Quiver which item? (- for none, * to show all) (? for menu, Esc to quit)
Quivering
d - 74 sling bullets for slings.
Firing (i - inventory. (/) - cycle)
d - 74 sling bullets (quivered)
Aim: an orc warrior, wielding a +0 scimitar and wearing a +0 chain mail (severely wounded)
You shoot a sling bullet.
The sling bullet closely misses the orc warrior.
The orc warrior completely misses you.
Firing (i - inventory. (/) - cycle)
d - 73 sling bullets (quivered)
Aim: an orc warrior, wielding a +0 scimitar and wearing a +0 chain mail (severely wounded)
You shoot a sling bullet. The sling bullet hits the orc warrior!
Firing (i - inventory. (/) - cycle)
d - 72 sling bullets (quivered)
Aim: an orc warrior, wielding a +0 scimitar and wearing a +0 chain mail (almost dead)
You shoot a sling bullet.
The sling bullet closely misses the orc warrior.
The orc warrior hits you with a +0 scimitar!
* * * LOW HITPOINT WARNING * * *
Firing (i - inventory. (/) - cycle)
d - 71 sling bullets (quivered)
Aim: an orc warrior, wielding a +0 scimitar and wearing a +0 chain mail (almost dead)
You shoot a sling bullet.
The sling bullet closely misses the orc warrior.
Firing (i - inventory. (/) - cycle)
d - 70 sling bullets (quivered)
Aim: an orc warrior, wielding a +0 scimitar and wearing a +0 chain mail (almost dead)
You shoot a sling bullet.
The sling bullet closely misses the orc warrior.
The orc warrior hits you with a +0 scimitar!!
You die...

######
#....#
#.##.#
#.##<#
####.##.####
#...#@.....#
#.##o##.##.#
# ##o##.....
#.o....... #
#..#####.##
.?.##.#†.#
.. #....(((#
# ##..(#(##
.......(.


You could see an orc warrior and 2 orcs.

Vanquished Creatures
  An ogre (D:4)
  A bullfrog (D:6)
  An elf zombie (Ossuary)
  A gnoll sergeant (D:3)
  3 centaur zombies (Ossuary)
  2 jellies
  2 centaur skeletons
  A hound (D:2)
  An orc priest (D:5)
  11 orc wizards
  Ijyb (D:3)
  A worker ant (D:6)
  2 big kobold zombies (Ossuary)
  A hound zombie (D:5)
  2 mummies (Ossuary)
  3 adders
  5 gnolls (D:3)
  A shadow imp (D:5)
  2 adder skeletons
  4 worms
  4 dart slugs
  4 leopard geckos
  18 orcs
  3 ball pythons
  5 giant cockroaches
  15 goblins
  9 hobgoblins
  5 jackals
  3 quokkas
  5 bats
  11 frilled lizards
  A goblin zombie (Ossuary)
  14 hobgoblin zombies (Ossuary)
  A jackal zombie (Ossuary)
  10 kobolds
  8 kobold zombies (Ossuary)
  6 orc zombies (Ossuary)
  9 rats
  A rat zombie (Ossuary)
178 creatures vanquished.

Notes
Turn   | Place    | Note
-------+----------+-------------------------------------------
     0 | D:1      | vurker the Halfling Hunter began the quest for the Orb.
     0 | D:1      | Reached XP level 1. HP: 14/14 MP: 1/1
    16 | D:1      | Reached skill level 6 in Slings
   345 | D:1      | Reached XP level 2. HP: 19/19 MP: 2/2
   657 | D:1      | Reached XP level 3. HP: 22/24 MP: 3/3
  1316 | D:2      | Reached skill level 7 in Slings
  1371 | D:2      | Found an iron altar of Okawaru.
  1428 | D:2      | Became a worshipper of Warmaster Okawaru
  1534 | D:2      | Reached XP level 4. HP: 29/30 MP: 4/4
  1824 | D:2      | Reached skill level 1 in Invocations
  2130 | D:2      | Reached XP level 5. HP: 35/35 MP: 5/5
  2842 | D:3      | Reached skill level 8 in Slings
  3014 | D:3      | You fall into a shaft and drop 1 floor!
  3093 | D:4      | Reached * piety under Okawaru
  3093 | D:4      | Reached XP level 6. HP: 42/42 MP: 7/7
  3098 | D:4      | Found a staircase to the Ecumenical Temple.
  3264 | D:4      | Found a sand-covered staircase.
  3272 | Ossuary  | Entered an ossuary
  3579 | Ossuary  | Reached skill level 9 in Slings
  3591 | Ossuary  | Reached XP level 7. HP: 24/46 MP: 9/9
  4475 | D:4      | You fall into a shaft and drop 1 floor!
  4475 | D:5      | Entered Level 5 of the Dungeon
  4675 | D:4      | Reached ** piety under Okawaru
  4675 | D:4      | Reached skill level 10 in Slings
  5420 | D:3      | Reached XP level 8. HP: 21/54 MP: 4/11
  5800 | D:3      | Found a hide-covered altar of Uskayaw.
  5820 | D:3      | Noticed Ijyb
  5894 | D:3      | Killed Ijyb
  6340 | D:5      | Found a glowing golden altar of the Shining One.
  6715 | D:5      | Reached skill level 11 in Slings
  7191 | D:5      | Found a stormy altar of Qazlal.
  7191 | D:5      | Found a shimmering blue altar of Sif Muna.
  7193 | D:5      | Found a sparkling altar of Nemelex Xobeh.
  7195 | D:5      | Found a sacrificial altar of Ru.
  7361 | D:6      | Slain by an orc warrior

Illustrated notes

Levels and vault maps discovered:
D:1:      lightli_arrival_maybe_door_vault, layout_basic
D:2:      layout_basic, okawaru_altar_gauntlet_db
D:3:      layout_basic, eat_drink_and_be_merry_uskayaw, portal_sewer_entry_d,
          minmay_circle_x, uniq_ijyb
D:4:      layout_basic, minmay_temple_entry_glass,
          nicolae_ossuary_entry_false_entrances
D:5:      layout_basic, lemuel_doored_altar, minitemple
D:6:      layout_loops_ring, serial_shops, shop, serial_bayou_crossing

Skill      XL: |  1  2  3  4  5  6  7  8 |
---------------+-------------------------+-----
Slings         | 6 7 8 9 10 11 | 11.5
Fighting       | 2 3 4 |  4.8
Invocations    | 1 2 4 |  4.9
Dodging        | |  2.1
Stealth        | |  1.1

Action                   |  1- 3 |  4- 6 |  7- 9 || total
-------------------------+-------+-------+-------++-------
Melee: Short sword       |    56 |       |     3 ||    59
       Hunting sling     |       |       |     6 ||     6
 Fire: Hunting sling     |    61 |   359 |   359 ||   779
Invok: Heroism           |       |       |     1 ||     1
  Use: Scroll            |     3 |       |       ||     3
       Potion            |     1 |       |       ||     1
 Stab: Sleeping          |     1 |       |       ||     1
Armor: Leather armour    |    18 |       |       ||    18
       Scale mail        |       |     2 |       ||     2
       Plate armour      |       |    73 |    90 ||   163
Dodge: Dodged            |    56 |    61 |    36 ||   153

Table legend: (Time is in decaauts)
 A = Elapsed time spent in this place.
 B = Non-inter-level travel time spent in this place.
 C = Inter-level travel time spent in this place.
 D = Time resting spent in this place.
 E = Time spent auto-exploring this place.
 F = Levels seen in this place.
 G = Mean time per level.
                   A        B        C        D        E       F      G
               +--------+--------+--------+--------+--------+-----+--------+
         Total |   7175 |   6970 |    205 |      0 |   5512 |   7 | 1025.0 |
       Dungeon |   6458 |   6253 |    205 |      0 |   5116 |   6 | 1076.3 |
       Ossuary |    717 |    717 |      0 |      0 |    396 |   1 |  717.0 |
               +--------+--------+--------+--------+--------+-----+--------+

Top non-repeatable levels by time:
     D:3: 1432 daAuts
     D:4: 1421 daAuts
     D:2: 1279 daAuts
     D:1: 1134 daAuts
     D:5: 1127 daAuts
 Ossuary: 717 daAuts
     D:6: 63 daAuts
